Map: World of Sleepers LE

Players

Reynor - Winner!

  • Race: Zerg Zerg
  • Spawn Location: 7:00

uThermal

  • Race: Terran Terran
  • Spawn Location: 1:00

VOD

Have the link to the VOD?

Description

Time

  • Played on: Sept. 7, 2019, 3:26 p.m.
  • Length: 15:45
Show
View Real Time Build Order
Export as new Build Order

Reynor Zerg - Winner!

Build Orders: Pool First, Swarm Host 

Get SALT Encoding   

  12  0:00  Drone  
  13  0:13  Overlord  
  13  0:17  Drone  
  14  0:31  Drone x2  
  16  0:41  Spawning Pool  
  15  0:44  Drone  
  15  0:48  Drone  
  17  1:09  Hatchery  
  16  1:13  Drone  
  17  1:28  Zergling x4, Extractor  
  17  1:29  Zergling x2  
  17  1:32  Queen  
  21  1:39  Overlord  
  21  1:51  Drone  
  22  2:01  Drone  
  23  2:08  Queen  
  25  2:12  Drone  
  26  2:21  Drone  
  26  2:22  Drone  
  28  2:33  Drone x2  
  29  2:42  Drone x2  
  31  2:44  Overlord  
  31  2:46  Queen, Drone  
  31  2:47  Drone  
  31  2:48  Metabolic Boost  
  35  3:03  Drone x2  
  37  3:08  Hatchery  
  37  3:11  Drone  
  37  3:12  Drone  
  38  3:20  Drone x2  
  38  3:21  Drone  
  38  3:22  Overlord  
  38  3:23  Drone  
  42  3:28  Queen  
  44  3:37  Overlord  
  44  3:41  Drone x2  
  44  3:45  Drone  
  44  3:48  Drone  
  48  3:52  Drone x3  
  51  3:56  Drone  
  51  3:59  Zergling x2  
  51  4:01  Drone x2  
  51  4:02  Baneling Nest  
  54  4:06  Queen  
  54  4:08  Zergling x2  
  57  4:10  Overlord  
  56  4:18  Drone  
  56  4:21  Extractor  
  56  4:23  Drone x5  
  59  4:30  Queen  
  60  4:31  Drone  
  60  4:32  Lair, Drone x2  
  60  4:38  Spore Crawler, Zergling x6  
  65  4:41  Drone  
  66  4:46  Zergling x4, Extractor  
  66  4:47  Extractor  
  68  4:53  Overlord  
  68  4:54  Spore Crawler, Drone  
  68  4:56  Drone  
  67  5:00  Overlord  
  67  5:02  Drone x2, Baneling x2  
  67  5:03  Overlord, Drone  
  67  5:05  Baneling  
  67  5:06  Drone  
  67  5:07  Drone x3  
  74  5:18  Zergling x8  
  71  5:22  Zergling x4  
  71  5:26  Zergling x2  
  71  5:27  Zergling x2  
  69  5:31  Evolution Chamber  
  67  5:36  Drone x4  
  67  5:37  Drone x2  
  67  5:38  Drone  
  71  5:44  Roach Warren  
  71  5:47  Drone x3  
  71  5:49  Drone  
  70  5:54  Drone x2  
  75  5:59  Baneling x2  
  75  6:00  Baneling  
  75  6:01  Drone, Baneling  
  75  6:02  Drone  
  77  6:05  Drone  
  77  6:09  Drone  
  77  6:12  Drone  
  78  6:18  Drone  
  78  6:20  Drone  
  78  6:23  Evolution Chamber  
  78  6:24  Drone x5, Evolution Chamber  
  78  6:25  Drone  
  84  6:26  Overlord, Hatchery, Centrifical Hooks  
  84  6:29  Extractor  
  84  6:30  Extractor  
  81  6:33  Overlord  
  81  6:37  Roach x4  
  89  6:42  Drone, Extractor  
  89  6:43  Overlord  
  89  6:46  Drone  
  90  6:49  Zerg Missile Weapons Level 1  
  90  6:50  Zerg Melee Weapons Level 1  
  90  6:53  Roach x3  
  96  6:56  Drone x3  
  96  6:57  Drone  
  96  6:59  Overlord  
  100  7:08  Zergling x12  
  103  7:10  Drone  
  103  7:12  Queen  
  109  7:19  Drone  
  109  7:20  Drone  
  111  7:23  Zergling x6, Roach x2  
  111  7:24  Infestation Pit  
  111  7:25  Overlord  
  117  7:34  Hatchery  
  110  7:40  Glial Reconstitution  
  110  7:42  Hatchery  
  109  7:57  Overlord  
  109  8:01  Ravager x2  
  109  8:04  Swarm Host  
  109  8:05  Swarm Host x5  
  129  8:07  Baneling x4  
  129  8:08  Overlord  
  129  8:09  Zergling x4  
  125  8:15  Overlord  
  125  8:16  Swarm Host x4  
  137  8:20  Overlord x3  
  137  8:25  Overlord  
  138  8:27  Zergling x4, Roach  
  138  8:28  Zergling x6  
  138  8:34  Nydus Network  
  144  8:35  Drone x4  
  144  8:36  Drone  
  147  8:42  Ravager x2  
  147  8:46  Baneling x8  
  150  8:48  Zergling x12  
  150  8:54  Zergling x6  
  158  8:57  Baneling x5  
  158  8:58  Zergling x2  
  159  9:06  Zergling x10, Hatchery  
  159  9:08  Zergling x2  
  153  9:11  Nydus Canal  
  153  9:13  Ravager x2  
  153  9:15  Drone  
  153  9:16  Drone x4  
  159  9:19  Spine Crawler x2  
  159  9:22  Baneling x8  
  157  9:29  Zergling x16  
  165  9:34  Baneling x4  
  165  9:36  Roach x2  
  165  9:37  Roach  
  163  9:42  Roach x2  
  163  9:44  Zergling x4  
  163  9:45  Zergling x4  
  163  9:50  Zergling x2  
  163  9:52  Roach  
  149  9:56  Zergling x4, Roach x3  
  149  9:57  Ravager  
  149  9:58  Ravager  
  150  10:01  Zergling x6  
  150  10:03  Nydus Canal  
  150  10:05  Zergling x6, Hive  
  150  10:06  Zergling x2  
  151  10:11  Baneling x6  
  151  10:13  Queen  
  149  10:18  Zergling x12  
  149  10:19  Zerg Melee Weapons Level 2  
  155  10:22  Drone  
  155  10:24  Unknown  
  155  10:27  Zergling x10  
  160  10:29  Baneling x7  
  160  10:32  Zergling x8  
  163  10:39  Zergling x4  
  159  10:44  Baneling x7  
  159  10:45  Zergling x10  
  164  10:50  Baneling x3  
  164  10:51  Zergling x10  
  164  10:55  Zergling x8  
  162  10:57  Zergling x2, Roach x2  
  162  10:58  Zergling x2  
  162  11:01  Roach x2  
  153  11:06  Drone x3  
  153  11:07  Zergling x4  
  155  11:11  Zergling x4  
  155  11:12  Baneling x12  
  156  11:19  Zergling x2  
  156  11:20  Zergling x14  
  156  11:24  Baneling x9  
  165  11:25  Zergling x2  
  165  11:27  Zergling x4  
  165  11:28  Zergling x2  
  168  11:33  Drone x5  
  173  11:43  Zergling x10  
  173  11:44  Zergling x2  
  173  11:45  Baneling x10  
  179  11:48  Nydus Canal  
  179  11:52  Roach  
  179  11:53  Overlord  
  179  11:54  Overlord  
  181  12:02  Zerg Missile Weapons Level 2  
  170  12:12  Zergling x30  
  169  12:23  Zergling x2  
  169  12:24  Zergling x30  
  169  12:29  Queen  
  180  12:32  Baneling x8  
  180  12:33  Ravager  
  180  12:34  Baneling  
  180  12:36  Zergling x6, Roach x2  
  182  12:43  Baneling x4  
  179  12:45  Nydus Canal  
  179  12:47  Zergling x20  
  179  12:51  Zergling x4, Roach x2  
  190  12:58  Zergling x4, Roach x2  
  184  13:02  Roach  
  181  13:09  Zergling x4, Roach x2  
  181  13:11  Zergling x2  
  181  13:12  Roach  
  185  13:14  Roach x2  
  181  13:24  Zergling x10  
  174  13:32  Ravager x3  
  174  13:33  Baneling  
  174  13:34  Baneling x10  
  175  13:39  Zergling x2  
  175  13:40  Zergling x24  
  188  13:42  Ravager  
  188  13:43  Nydus Canal  
  189  13:50  Overlord  
  189  13:52  Nydus Canal, Hatchery  
  186  13:55  Zergling x2  
  186  13:56  Zergling x6  
  186  13:58  Overlord  
  186  14:00  Zergling x2  
  186  14:01  Zergling x10  
  172  14:19  Baneling x10  
  172  14:20  Zergling x20, Baneling x9  
  172  14:21  Zergling x14  
  183  14:27  Zergling x10  
  185  14:32  Roach  
  185  14:33  Roach  
  178  14:39  Drone x2  
  178  14:41  Ravager, Baneling x11  
  178  14:42  Ravager  
  178  14:44  Zergling x22  
  193  14:48  Baneling x7  
  193  14:57  Ravager x2  
  195  15:08  Zergling x4  
  195  15:09  Zergling x6  
  186  15:28  Nydus Canal  
Show
View Real Time Build Order
Export as new Build Order

uThermal Terran 

Build Orders: 2 Factory, Hellion Opening, Reaper Expand 

Get SALT Encoding   

  12  0:01  SCV  
  13  0:14  SCV  
  14  0:17  Supply Depot  
  14  0:26  SCV  
  15  0:39  SCV  
  15  0:40  Barracks  
  16  0:44  Refinery  
  16  0:51  SCV  
  17  1:03  SCV  
  18  1:15  SCV  
  19  1:27  Orbital Command, Reaper  
  20  1:39  Command Center  
  20  1:50  Supply Depot  
  20  1:53  SCV  
  21  1:59  Marine  
  22  2:05  SCV  
  23  2:09  Factory  
  23  2:17  SCV  
  23  2:20  Barracks Reactor  
  23  2:21  Refinery  
  24  2:29  SCV  
  25  2:39  Supply Depot  
  25  2:41  SCV  
  26  2:54  SCV, Orbital Command  
  26  2:56  Factory  
  26  3:02  Hellion  
  26  3:05  Hellion  
  30  3:06  SCV  
  30  3:07  Barracks Tech Lab  
  31  3:18  SCV  
  32  3:21  SCV  
  32  3:23  Hellion  
  32  3:26  Hellion  
  37  3:30  SCV  
  37  3:32  Marine  
  37  3:33  SCV  
  40  3:38  Supply Depot  
  40  3:42  SCV  
  40  3:45  Infernal Pre-Igniter, SCV  
  40  3:46  Hellion  
  44  3:49  Hellion  
  46  4:00  SCV x2, Hellion  
  50  4:04  Supply Depot  
  50  4:11  Hellion x2  
  50  4:12  SCV  
  54  4:26  SCV x2, Hellion  
  56  4:32  Hellion, Supply Depot  
  56  4:33  Hellion  
  56  4:38  SCV x2  
  62  4:47  Command Center  
  62  4:53  SCV x2, Hellion  
  70  5:06  Supply Depot  
  70  5:08  SCV x2  
  70  5:12  Factory x3  
  68  5:14  Refinery  
  68  5:19  Refinery  
  68  5:20  SCV x2  
  60  5:28  Hellion  
  60  5:29  Mag-Field Accelerator, Hellion  
  60  5:32  SCV x2  
  60  5:33  Cyclone  
  67  5:44  SCV x2  
  61  5:51  Hellion x2  
  61  5:56  SCV x2  
  65  5:57  Factory Tech Lab x2, Factory Reactor  
  65  6:05  Cyclone  
  65  6:08  SCV x2  
  70  6:12  Hellion x2  
  70  6:18  Cyclone  
  77  6:20  SCV x2, Supply Depot  
  77  6:21  Cyclone  
  77  6:23  Orbital Command  
  82  6:30  Supply Depot  
  82  6:32  SCV x2  
  84  6:33  Unknown, Hellion  
  84  6:35  Hellion, Supply Depot  
  88  6:40  Cyclone  
  88  6:42  Hellion  
  88  6:44  SCV x2  
  88  6:45  Hellion  
  97  6:49  SCV  
  98  6:56  Cyclone  
  98  6:57  SCV x2, Armory  
  103  7:01  Armory  
  103  7:03  Cyclone  
  103  7:04  Hellion  
  103  7:06  SCV  
  109  7:09  Hellion  
  109  7:10  Hellion, Supply Depot  
  109  7:12  SCV  
  113  7:16  Supply Depot  
  113  7:18  Cyclone, Supply Depot  
  116  7:27  SCV  
  117  7:31  Cyclone  
  114  7:37  Cyclone  
  114  7:38  Hellion  
  114  7:39  Hellion  
  114  7:42  Command Center  
  121  7:44  Engineering Bay  
  121  7:48  Terran Vehicle Weapons Level 1  
  121  7:49  Terran Vehicle And Ship Armor Level 1  
  121  7:50  Cyclone  
  124  7:58  Hellion  
  126  8:02  Hellion  
  126  8:03  Supply Depot, Cyclone, Hellion  
  133  8:06  Hellion  
  133  8:09  Cyclone  
  135  8:19  Hellion  
  137  8:22  Cyclone  
  137  8:24  Hellion  
  137  8:25  Hellion  
  142  8:28  Hellion  
  142  8:29  Supply Depot  
  144  8:34  Supply Depot  
  144  8:35  Cyclone  
  144  8:41  Hellion  
  149  8:43  Factory  
  149  8:44  Factory  
  149  8:46  Factory  
  149  8:50  Supply Depot  
  149  8:51  Cyclone, Hellion x2  
  149  8:55  Cyclone, Hellion  
  147  9:11  Command Center, Hellion, Cyclone  
  147  9:14  Hellion  
  147  9:15  SCV x2  
  153  9:18  Hellion  
  153  9:19  SCV  
  156  9:26  Cyclone, Hellion  
  156  9:29  SCV  
  162  9:31  SCV  
  159  9:39  Hellion  
  159  9:40  Cyclone, Hellion  
  159  9:41  Hellion  
  159  9:42  SCV  
  155  9:47  Cyclone, Hellion  
  155  9:48  Hellion  
  155  9:51  Hellion  
  155  9:52  SCV  
  141  9:54  Hellion  
  141  9:58  Hellion  
  141  10:00  Hellion  
  141  10:04  Hellion  
  133  10:08  Hellion  
  133  10:09  Hellion  
  133  10:12  Cyclone  
  137  10:22  Cyclone x2, Engineering Bay  
  137  10:25  Orbital Command  
  143  10:30  Hellion  
  143  10:31  Hellion  
  145  10:38  Hellion  
  145  10:40  Hellion  
  151  10:43  Hellion  
  151  10:44  Cyclone, Hellion  
  156  10:54  Cyclone  
  156  10:55  Hellion  
  138  10:57  Hellion  
  138  10:58  Cyclone, Hellion  
  138  11:00  Hellion  
  138  11:03  Hellion  
  131  11:13  Hellion  
  131  11:15  Hellion  
  131  11:16  Cyclone  
  131  11:17  Planetary Fortress  
  130  11:20  Hellion  
  130  11:24  Hellion  
  134  11:26  Cyclone  
  134  11:27  Terran Vehicle Weapons Level 2  
  137  11:33  Cyclone, Hellion  
  137  11:34  Hellion  
  137  11:38  Hellion  
  146  11:42  Hellion  
  148  11:47  Factory Tech Lab x2  
  148  11:48  Cyclone, Terran Vehicle And Ship Armor Level 2  
  151  11:54  Hellion  
  151  11:58  Cyclone  
  158  12:01  Supply Depot, Hellion  
  158  12:03  Smart Servos  
  158  12:06  Cyclone  
  145  12:11  Orbital Command  
  145  12:13  Cyclone x2, Hellion  
  150  12:16  Hellion  
  150  12:17  Hellion  
  150  12:20  Cyclone  
  144  12:23  Hellion  
  135  12:30  Cyclone, Hellion  
  135  12:35  SCV, Hellion  
  135  12:36  SCV x2  
  143  12:38  Cyclone  
  143  12:43  Hellion  
  148  12:46  SCV  
  148  12:48  SCV x3  
  150  12:53  Cyclone, Hellion  
  150  12:59  Cyclone, Hellion  
  150  13:00  SCV  
  150  13:02  Hellion  
  150  13:05  Hellion  
  151  13:09  Cyclone, Hellion  
  133  13:15  Hellion  
  133  13:16  Hellion  
  133  13:18  Hellion  
  123  13:21  Hellion  
  123  13:23  Hellion  
  111  13:28  Cyclone, Hellion  
  111  13:30  Hellion  
  118  13:37  Cyclone x2, Hellion  
  118  13:41  Hellion  
  128  13:44  Cyclone, Hellion  
  128  13:46  Hellion  
  135  13:51  Hellion  
  135  13:52  Hellion  
  139  13:58  Hellion  
  139  14:00  Hellion  
  139  14:02  Hellion  
  143  14:06  Hellion  
  143  14:07  Hellion  
  143  14:09  Cyclone  
  142  14:12  Hellion  
  142  14:14  Orbital Command  
  142  14:15  Hellion  
  142  14:16  Orbital Command  
  144  14:20  Hellion  
  144  14:22  Hellion  
  138  14:26  Hellion  
  122  14:36  Hellion  
  121  14:41  Cyclone  
  121  14:45  Hellion x4  
  124  14:55  Cyclone  
  124  14:57  Hellion  
  129  15:02  Hellion  
  129  15:05  Hellion  
  123  15:11  Hellion  
  125  15:19  Hellion  
Tags
 
Add a new tag
Caveats
  • Supply blocks, unpowered buildings, or Contaminate may cause inaccurate times.
  • Supply counts are checked every 10 seconds.